AoeStats
← SeemsFishy

Arena

508496392Analyzed
4v4 RM · 9d ago on Sep 22, 2026· 68m 14s· 8 players
Game mode
Random Map
Map size
Large (8 player)
Population
200
Speed
Normal
Resources
Standard
Victory
Conquest
Starting age
Dark Age
Ending age
Imperial Age
RankedLock teamsTeams togetherTeam positionsShared explorationLock speedFull tech treeHidden civsTurbo modeCheats
Victory
Defeat
🇩🇪 Bohemians · Germany
1328
+20
🇦🇹 Japanese · Austria
1316
+21
🇮🇳 Danes · India
1307
+21
🇩🇪 Lithuanians · Germany
1297
+22
🇨🇴 Spanish · Colombia
1505
-23
🇬🇧 Saxons · United Kingdom
1413
-21
🇲🇽 Varangians · Mexico
1395
-20
🇨🇳 Mongols · China
1389
-20
SeemsFishy
11:11 Feudal Age
14:53 Castle Age
12:49 Horse Collar
12:57 Double-Bit Axe
16:13 Bow Saw
17:15 Heavy Plow
19:07 Loom
21:05 Wheelbarrow
20:29 Stone Mining
23:56 Hand Cart
24:23 Squires
24:09 Arson
24:26 Scale Mail Armor
25:29 Chain Mail Armor
25:19 Gold Mining
26:46 Forging
27:22 Gold Shaft Mining
27:14 Town Watch
30:29 Imperial Age
29:15 Iron Casting
28:52 Fortified Wall
28:56 Masonry
30:46 Elite Varangian Guard
31:59 Plate Mail Armor
30:51 Capped Ram
32:14 Shield Wall
33:07 Siege Ram
34:24 Fletching
33:59 Pikeman
35:32 Halberdier
40:14 Conscription
43:12 Ballistics
43:23 Architecture
43:55 Chemistry
42:37 Treadmill Crane
:) YO30830
9:21 Feudal Age
9:50 Double-Bit Axe
9:47 Horse Collar
15:55 Castle Age
17:54 Bow Saw
18:16 Bloodlines
18:12 Loom
19:08 Wheelbarrow
26:11 Scale Barding Armor
26:16 Forging
26:57 Gold Mining
29:03 Husbandry
29:00 Stone Mining
30:37 Chain Barding Armor
30:52 Iron Casting
33:30 Vendel Legacy
39:00 Imperial Age
39:10 Stone Shaft Mining
39:04 Cavalier
40:21 Plate Barding Armor
40:46 Blast Furnace
juand400
10:43 Feudal Age
14:10 Castle Age
13:03 Double-Bit Axe
13:38 Horse Collar
18:55 Loom
20:50 Wheelbarrow
25:26 Padded Archer Armor
27:15 Leather Archer Armor
27:13 Bloodlines
27:05 Husbandry
29:14 Bow Saw
29:43 Gold Mining
31:22 Heavy Plow
32:01 Hand Cart
33:32 Stone Mining
39:21 Imperial Age
36:37 Town Watch
37:30 Fletching
牛比无极限
9:10 Feudal Age
13:18 Castle Age
11:33 Double-Bit Axe
12:20 Horse Collar
18:03 Loom
24:44 Bow Saw
25:05 Heavy Plow
30:50 Imperial Age
28:57 Wheelbarrow
28:32 Fletching
28:43 Padded Archer Armor
29:08 Bodkin Arrow
30:09 Hand Cart
30:17 Gold Mining
31:18 Leather Archer Armor
31:42 Bracer
32:05 Ballistics
32:45 Chemistry
32:17 Bloodlines
32:42 Thumb Ring
33:03 Parthian Tactics
32:40 Husbandry
33:21 Conscription
33:58 Elite Mangudai
35:05 Drill
34:25 Onager
37:59 Scale Barding Armor
38:04 Forging
37:46 Capped Ram
39:12 Siege Ram
40:39 Chain Barding Armor
40:54 Iron Casting
39:41 Light Cavalry
41:09 Gold Shaft Mining
40:25 Stone Mining
46:23 Coinage
46:37 Siege Onager
48:41 Hussar
50:33 Blast Furnace
50:59 Banking
66:08 Elite Skirmisher
68:39 Fortified Wall
hafnfp13
10:12 Feudal Age
12:12 Loom
15:27 Castle Age
14:31 Double-Bit Axe
19:57 Horse Collar
22:17 Heavy Plow
24:40 Wheelbarrow
24:37 Gold Mining
25:50 Bow Saw
30:26 Imperial Age
28:24 Fletching
28:34 Padded Archer Armor
28:30 Elite Skirmisher
29:16 Thumb Ring
29:53 Bodkin Arrow
30:13 Leather Archer Armor
30:22 Leather Archer Armor
30:36 Ballistics
31:28 Conscription
32:18 Chemistry
31:42 Forging
31:32 Scale Mail Armor
32:17 Ring Archer Armor
32:10 Bracer
33:29 Hand Cart
32:59 Town Watch
34:30 Two-Man Saw
35:22 Man-at-Arms
36:04 Squires
35:50 Gambesons
35:28 Elite Samurai
36:00 Long Swordsman
36:52 Two-Handed Swordsman
38:17 Pikeman
38:48 Halberdier
41:41 Chain Mail Armor
43:10 Town Patrol
46:06 Iron Casting
46:01 Plate Mail Armor
Carpii
11:09 Feudal Age
14:59 Castle Age
12:54 Double-Bit Axe
15:53 Squires
24:00 Horse Collar
24:49 Bow Saw
25:52 Wheelbarrow
30:09 Imperial Age
28:16 Scale Barding Armor
28:22 Forging
28:37 Hand Cart
28:38 Gold Mining
29:12 Husbandry
29:22 Bloodlines
30:36 Chain Barding Armor
30:11 Cavalier
32:14 Plate Barding Armor
32:15 Iron Casting
32:32 Heavy Plow
32:28 Stone Mining
33:41 Two-Man Saw
33:18 Paladin
33:56 Light Cavalry
36:41 Scale Mail Armor
36:51 Man-at-Arms
37:36 Long Swordsman
38:32 Two-Handed Swordsman
39:29 Champion
41:24 Chain Mail Armor
42:14 Fletching
45:32 Winged Hussar
68:32 Conscription
DesFroschi
10:29 Feudal Age
14:24 Castle Age
12:31 Double-Bit Axe
15:08 Loom
16:39 Chemistry
15:34 Loom
17:33 Horse Collar
19:51 Padded Archer Armor
29:52 Wheelbarrow
30:04 Heavy Plow
30:26 Bow Saw
32:53 Leather Archer Armor
33:42 Elite Skirmisher
34:14 Fletching
34:56 Hand Cart
35:14 Bodkin Arrow
35:48 Ballistics
38:31 Imperial Age
39:09 Wagenburg Tactics
38:32 Houfnice
39:35 Conscription
39:22 Siege Engineers
39:28 Masonry
39:20 Bracer
39:50 Ring Archer Armor
48:06 Architecture
47:48 Forging
47:38 Scale Mail Armor
52:42 Two-Man Saw
52:19 Iron Casting
51:59 Chain Mail Armor
51:55 Murder Holes
52:11 Fortified Wall
67:53 Coinage
68:52 Banking
Void Walker
10:20 Feudal Age
11:48 Double-Bit Axe
14:33 Castle Age
12:21 Horse Collar
16:03 Bow Saw
22:57 Wheelbarrow
23:00 Stone Mining
23:09 Gold Mining
25:51 Stone Shaft Mining
25:51 Gold Shaft Mining
29:18 Imperial Age
26:43 Loom
27:11 Scale Mail Armor
27:22 Forging
27:23 Heavy Plow
28:21 Chain Mail Armor
27:51 Hamask
29:32 Squires
29:17 Arson
29:22 Gambesons
30:29 Conscription
29:31 Hamask
31:09 Plate Mail Armor
31:14 Iron Casting
31:20 Iron Casting
30:09 Hamask
31:33 Elite Jomsviking
31:50 Pikeman
33:24 Scale Barding Armor
34:19 Blast Furnace
35:10 Halberdier
36:15 Elite Varangian Guard
37:05 Fletching
46:29 Northmen's Fury
63:26 Siege Engineers
63:32 Masonry
63:19 Murder Holes
63:15 Guard Tower
64:52 Hoardings
Connection lost

Rejoining the realm…

Still unreachable

The connection could not be restored.

Session expired

The server has moved on; the page needs a fresh start.